 Dungeon Crawl Stone Soup version 0.30-a0-953-g5f1da4a474 (webtiles) character file.

Game seed: 6672887319559061053

2665 HoaS the Skirmisher (level 9, -5/59 (61) HPs)
             Began as a Formicid Hunter on Mar 28, 2023.
             Was a Believer of Zin.
             Slain by a wight
             ... wielding a +3 hand axe of freezing
              (9 damage)
             ... on level 8 of the Dungeon.
             The game lasted 00:14:24 (7358 turns).

HoaS the Skirmisher (Formicid Hunter)               Turns: 7358, Time: 00:14:25

HP:   -5/59 (61)    AC:  6    Str: 16    XL:     9   Next: 94%
MP:   11/11         EV: 12    Int:  9    God:    Zin [**....]
Gold: 386           SH:  9    Dex: 21    Spells: 8/8 levels left

rFire   . . .      SeeInvis +    a - +0 shortbow (freeze)
rCold   . . .      Faith    .    v - +3 warlock's mirror {omnireflect}
rNeg    . . .      Spirit   .    c - +0 leather armour
rPois   +          Reflect  +    (helmet unavailable)
rElec   .          Rampage  .    s - +2 cloak
rCorr   .                        (no gloves)
Will    .....                    (no boots)
Stlth   ++                       (no amulet)
HPRegen 0.29/turn                f - ring of poison resistance
MPRegen 0.12/turn                (no ring)

@: lightly drained
A: permanent stasis, dig shafts and tunnels, antennae 3, four strong arms
a: Dig, Shaft Self, Renounce Religion, Recite, Vitalisation, Donate Gold


You were on level 8 of the Dungeon.
You worshipped Zin.
Zin was pleased with you.
You visited 2 branches of the dungeon, and saw 11 of its levels.
You also visited: Ossuary.

You collected 428 gold pieces.
You donated 42 gold pieces to Zin.

Inventory:

Hand Weapons
 a - a +0 shortbow of freezing (weapon)
Missiles
 i - a throwing net
Armour
 c - a +0 leather armour (worn)
 s - a +2 cloak (worn)
 v - the +3 warlock's mirror (worn) {omnireflect}
   (You acquired it on level 8 of the Dungeon)

   Omnireflect: It can block and reflect piercing ranged attacks and magical
   attacks against the wielder's willpower.
Jewellery
 f - a ring of poison resistance (left hand)
Wands
 d - a wand of paralysis (3)
 e - a wand of flame (16)
Scrolls
 b - 2 scrolls of immolation
 j - 3 scrolls of enchant armour
 l - 4 scrolls of magic mapping
 m - 7 scrolls of fear
 u - a scroll of vulnerability
Potions
 g - a potion of heal wounds {unknown}
 h - 2 potions of ambrosia
 k - a potion of cancellation {unknown}
 n - a potion of mutation {unknown}
 o - 3 potions of curing
 p - 3 potions of attraction
 q - 2 potions of flight
 r - a potion of lignification {unknown}
 t - a potion of resistance {unknown}


   Skills:
 - Level 2.1 Fighting
 * Level 12.5 Ranged Weapons
 - Level 3.0 Armour
 - Level 1.7 Dodging
 - Level 1.2 Stealth
 - Level 3.0 Shields
 - Level 3.0 Invocations


You had 8 spell levels left.
You didn't know any spells.
Your spell library contained the following spells:

 Spells                   Type           Power      Damage    Failure   Level
 Shock                    Conj/Air       0%         1d3       52%         1
 Airstrike                Air            0%         2d(0-16)  99%         4
 Manifold Assault         Tloc           0%         N/A       99%         4
 Storm Form               Tmut/Air       0%         N/A       100%        7
 Blink                    Tloc           Unusable   N/A       N/A         2
 Swiftness                Air            Unusable   N/A       N/A         3

Dungeon Overview and Level Annotations

Branches:
Dungeon (10/15)            Temple (1/1) D:6         Ossuary (visited)
   Lair: D:8-11         Orc: D:9-12

Altars:
Ashenzari
Cheibriados
Dithmenos
Elyvilon
Fedhas
Gozag
Hepliaklqana
Kikubaaqudgha
Makhleb
Nemelex Xobeh
Okawaru
Qazlal
Ru
Sif Muna
Trog
Uskayaw
Vehumet
Wu Jian
Xom
Yredelemnul
Zin
The Shining One

Shops:
D:9 ?


Innate Abilities, Weirdness & Mutations

You cannot be hasted, slowed, berserked, paralysed or teleported.
You can dig through walls and to a lower floor.
You have a pair of large antennae on your head. (SInv)
Your four strong arms can wield two-handed weapons with a shield.


Message History

The steam dragon breathes steam at you. The ball of steam hits you!
You shoot an arrow.
The arrow closely misses the steam dragon.
You are engulfed in a cloud of scalding steam.
The wight barely misses you.
The steam dragon bites you but does no damage.
The steam dragon claws you but does no damage.
You shoot an arrow. The arrow hits the steam dragon!
The arrow freezes the steam dragon.
You kill the steam dragon!
You are engulfed in a cloud of scalding steam.
The wight hits you with a +3 hand axe of freezing.
You feel drained.
* * * LOW HITPOINT WARNING * * *
The wight freezes you.
* * * LOW HITPOINT WARNING * * *
The wight closely misses you.
You see here a steam dragon corpse.
You are too injured to fight recklessly!
You are too injured to fight recklessly!
You shoot an arrow. The arrow hits the wight.
The wight is lightly damaged.
The wight barely misses you.
You shoot an arrow.
The arrow hits the wight but does no damage.
The wight is lightly damaged.
You shoot an arrow. The arrow barely misses the wight.
You block the wight's attack.
You shoot an arrow. The arrow hits the wight.
The wight is lightly damaged.
The wight hits you with a +3 hand axe of freezing!
* * * LOW HITPOINT WARNING * * *
The wight freezes you.
* * * LOW HITPOINT WARNING * * *
You shoot an arrow.
The arrow hits the wight but does no damage.
The wight is lightly damaged.
The wight hits you with a +3 hand axe of freezing!
You die...

..#.# #.###. .###.#
.##.# #..#..#.§#..#
.##.# #.....#....##
.##.# #........
.##.#########
#.#######
.##.##......# #.#
###.##......####.##
....†....)........#
.#..............@.#
.#.............z..#
.#..........####'##
.#....####### #.#
.#....# ..# .#.)..#
### .#....# # #


You could see a wight.

Vanquished Creatures
  A hornet (D:7)
  A steam dragon (D:8)
  An ice beast (D:7)
  An orc warrior (D:8)
  2 black bears
  An ogre (D:4)
  2 centaurs
  2 phantoms
  A kobold brigand (D:7)
  A bullfrog (D:7)
  A water moccasin zombie (Ossuary)
  5 wights
  8 howler monkeys
  2 hounds (D:4)
  Crazy Yiuf (D:2)
  4 orc priests (D:8)
  An iron imp (D:3)
  Jessica (D:3)
  4 iguanas
  2 sleepcaps (D:7)
  4 orc wizards
  3 mummies
  7 gnolls
  11 adders
  2 shadow imps (D:6)
  A white imp (D:8)
  3 adder zombies (Ossuary)
  A worm (D:5)
  2 dart slugs (D:4)
  22 orcs
  3 endoplasms
  3 giant cockroaches
  6 goblins
  7 hobgoblins
  A quokka (D:4)
  7 ball pythons
  A bat (D:2)
  2 frilled lizards
  6 gnoll zombies (Ossuary)
  7 hobgoblin zombies (Ossuary)
  9 kobolds
  5 kobold zombies (Ossuary)
  4 orc zombies (Ossuary)
  5 rats
164 creatures vanquished.

Vanquished Creatures (others)
  31 plants (D:5)
31 creatures vanquished.

Grand Total: 195 creatures vanquished

Notes
Turn   | Place    | Note
-------+----------+-------------------------------------------
     0 | D:1      | HoaS the Formicid Hunter began the quest for the Orb.
     0 | D:1      | Reached XP level 1. HP: 16/16 MP: 1/1
   117 | D:1      | Reached XP level 2. HP: 22/22 MP: 2/2
   340 | D:1      | Found an iron altar of Okawaru.
   723 | D:2      | Reached skill level 5 in Ranged Weapons
   723 | D:2      | Reached XP level 3. HP: 27/27 MP: 3/3
   953 | D:2      | Found a runed translucent door.
   954 | D:2      | Noticed Crazy Yiuf
  1042 | D:2      | Reached XP level 4. HP: 33/33 MP: 4/4
  1212 | D:3      | Found a snail-covered altar of Cheibriados.
  1261 | D:3      | Reached XP level 5. HP: 38/38 MP: 5/5
  1318 | D:3      | Reached skill level 6 in Ranged Weapons
  1326 | D:3      | HP: 1/38 [orc/+0 flail (8)]
  1750 | D:3      | Noticed Jessica
  1752 | D:3      | Killed Jessica
  1753 | D:3      | Reached XP level 6. HP: 44/44 MP: 6/6
  1896 | D:4      | Reached skill level 1 in Shields
  1911 | D:4      | Reached skill level 7 in Ranged Weapons
  2050 | D:4      | Found a sand-covered staircase.
  2060 | Ossuary  | Entered an ossuary
  2308 | Ossuary  | Reached XP level 7. HP: 50/50 MP: 7/7
  2485 | D:4      | You fall into a shaft and drop 1 floor!
  2485 | D:5      | Entered Level 5 of the Dungeon
  3017 | D:4      | Found a shimmering altar of Xom.
  3213 | D:4      | Reached skill level 8 in Ranged Weapons
  4270 | D:5      | Reached XP level 8. HP: 41/56 MP: 8/8
  4471 | D:5      | Reached skill level 9 in Ranged Weapons
  4782 | D:2      | Killed Crazy Yiuf
  5090 | D:6      | Identified the +6 flail of the Endless Expanse {freeze,
                  | Fragile Fly Will+++ Dex-3}
  5248 | D:6      | Found a staircase to the Ecumenical Temple.
  5266 | Temple   | Entered the Ecumenical Temple
  5700 | Temple   | Became a worshipper of Zin the Law-Giver
  5700 | Temple   | Reached * piety under Zin
  5843 | D:6      | Reached skill level 1 in Invocations
  5848 | D:6      | Reached skill level 1 in Armour
  6007 | D:7      | Reached skill level 10 in Ranged Weapons
  6052 | D:7      | Reached ** piety under Zin
  6068 | D:7      | Reached XP level 9. HP: 61/61 MP: 9/11
  6407 | D:7      | Noticed a hornet
  6411 | D:7      | You fall into a shaft and drop 3 floors!
  6411 | D:10     | Entered Level 10 of the Dungeon
  6486 | D:9      | Found Unlimiet's Magic Scroll Boutique.
  6539 | D:8      | Reached skill level 11 in Ranged Weapons
  6540 | D:8      | Identified a scroll of acquirement
  6540 | D:8      | Acquired the +3 warlock's mirror {omnireflect}
  6540 | D:8      | Found the +3 warlock's mirror {omnireflect}
  6645 | D:7      | Killed a hornet
  7244 | D:8      | Reached skill level 12 in Ranged Weapons
  7358 | D:8      | Slain by a wight

Illustrated notes

Levels and vault maps discovered:
D:1:      sevenhm_arrival_forest_fort_small_6, layout_rooms,
          hangedman_decor_peaks_small
D:2:      layout_rooms, uniq_crazy_yiuf_cottage
D:3:      layout_basic, slow_altar_1, skrybe_limestone_x, uniq_jessica
D:4:      layout_layer_cave, lemuel_doored_altar, gup_ossuary_entry_pyramid
D:5:      wad_woods_pond, layout_basic
D:6:      layout_cave_pools, minmay_temple_entry_grid
D:7:      layout_cave_pools
D:8:      layout_basic, serial_glass, glass_columns_a, glass_columns_b,
          due_unseen_surprise, minmay_strange_pillars,
          nicolae_figureground_sparkle
D:9:      layout_rooms, erik_lair_island, serial_shops,
          nicolae_shop_hallway_stairs
D:10:     layout_loops_ring, orc_0_dummy, corexii_corridor_pit
Temple:   mainiacjoe_temple_big_plus

Skill      XL: |  1  2  3  4  5  6  7  8  9 |
---------------+----------------------------+-----
Ranged Weapons | 5 6 7 8 10 12 | 12.5
Shields        | 2 3 |  3.0
Invocations    | 2 3 |  3.0
Armour         | 2 3 |  3.0
Fighting       | |  2.1
Dodging        | |  1.7
Stealth        | |  1.2

Action                     |  1- 3 |  4- 6 |  7- 9 || total
---------------------------+-------+-------+-------++-------
   Fire: Shortbow          |    67 |   155 |   371 ||   593
 Invoke: Vitalisation      |       |       |     1 ||     1
Ability: Shaft Self        |       |       |     2 ||     2
         Dig               |       |       |     2 ||     2
    Use: Scroll            |     5 |     2 |    14 ||    21
 Armour: Leather armour    |     3 |    12 |    23 ||    38
  Dodge: Dodged            |    14 |    30 |    82 ||   126
  Block: Buckler           |     2 |    23 |    62 ||    87

Table legend: (Time is in decaauts)
 A = Elapsed time spent in this place.
 B = Non-inter-level travel time spent in this place.
 C = Inter-level travel time spent in this place.
 D = Time resting spent in this place.
 E = Time spent auto-exploring this place.
 F = Levels seen in this place.
 G = Mean time per level.
                   A        B        C        D        E       F      G
               +--------+--------+--------+--------+--------+-----+--------+
         Total |   7450 |   7083 |    367 |   1492 |   4338 |  12 |  620.8 |
       Dungeon |   6547 |   6253 |    294 |   1264 |   3886 |  10 |  654.7 |
        Temple |    464 |    391 |     73 |      0 |    385 |   1 |  464.0 |
       Ossuary |    438 |    438 |      0 |    228 |     67 |   1 |  438.0 |
               +--------+--------+--------+--------+--------+-----+--------+

Top non-repeatable levels by time:
     D:5: 1253 daAuts
     D:4: 1231 daAuts
     D:7: 874 daAuts
     D:2: 851 daAuts
     D:3: 777 daAuts
     D:1: 541 daAuts
     D:6: 493 daAuts
  Temple: 464 daAuts
 Ossuary: 438 daAuts
     D:8: 400 daAuts
    D:10: 74 daAuts
     D:9: 49 daAuts
